 Dungeon Crawl Stone Soup version 0.22-a0-284-g99d1f74 (webtiles) character file.

53 JeffiDaFish the Digger (level 3, -17/19 HPs)
             Began as a Gargoyle Earth Elementalist on Mar 21, 2018.
             Demolished by an ogre
             ... wielding a +0 giant spiked club
              (27 damage)
             ... on level 2 of the Dungeon.
             The game lasted 00:02:37 (1201 turns).

JeffiDaFish the Digger (GrEE)                       Turns: 1201, Time: 00:02:38

Health: -17/19     AC:  5    Str: 15    XL:     3   Next: 89%
Magic:  1/7        EV: 12    Int: 16    God:
Gold:   49         SH:  0    Dex: 10    Spells: 3/7 levels left

rFire    . . .     SeeInvis .   h - +5 dagger (freeze)
rCold    . . .     Gourm    .   (no shield)
rNeg     + + .     Faith    .   c - +0 robe
rPois    ∞         Spirit   .   (no helmet)
rElec    +         Reflect  .   (no cloak)
rCorr    .         Harm     .   (no gloves)
MR       .....                  (no boots)
Stlth    ++........             (no amulet)
HPRegen  0.06/turn              e - ring of positive energy
MPRegen  0.10/turn              a - +4 ring of strength

@: very slightly contaminated
A: negative energy resistance 1, electricity resistance, unbreathing,
petrification resistance, rot immunity, AC +3
a: no special abilities


You were on level 2 of the Dungeon.
You were not hungry.

You visited 1 branch of the dungeon, and saw 2 of its levels.

You collected 49 gold pieces.

Inventory:

Hand Weapons
 h - a +5 dagger of freezing (weapon)
Missiles
 b - 10 stones (quivered)
Armour
 c - a +0 robe (worn)
Jewellery
 a - a +4 ring of strength (right hand)
 e - a ring of positive energy (left hand)
Scrolls
 f - a scroll of blinking
 i - a scroll of teleportation
Potions
 g - a potion of haste
Comestibles
 d - 5 rations


   Skills:
 - Level 1.5 Dodging
 - Level 2.3 Stealth
 * Level 2.9 Spellcasting
 + Level 0.4 Conjurations
   Level 0.7 Transmutations
 * Level 4.6 Earth Magic


You had 3 spell levels left.
You knew the following spells:

 Your Spells              Type           Power        Failure   Level  Hunger
a - Sandblast             Erth           ###...       2%          1    #......
b - Stone Arrow           Conj/Erth      ##....       21%         3    ###....


Dungeon Overview and Level Annotations

Branches:
Dungeon (2/15)

Altars:
Ashenzari


Innate Abilities, Weirdness & Mutations

You are resistant to torment.
Your stone body is resilient. (AC +3)
You are immune to poison.
You resist negative energy. (rN+)
You are resistant to electric shocks. (rElec)
You can survive without breathing.
You are immune to petrification.
You are immune to rotting.


Message History

The bat closely misses you.
You hit the bat. You freeze the bat.
You kill the bat!
You hit the kobold. You freeze the kobold.
You kill the kobold!
A bat comes into view.
Things that are here:
a dagger; a bat corpse; a kobold corpse An ogre comes into view.
It is wielding a giant spiked club.
The bat barely misses you. The bat closely misses you. The bat misses you.
You barely miss the ogre. The bat closely misses you.
The ogre hits you with a giant spiked club!
You puncture the ogre! You freeze the ogre.
The ogre is heavily wounded.
The bat hits you but does no damage.
The ogre hits you with a giant spiked club!!
Ouch! That really hurt!
You die...

...... .....
####....##.....
...............
##.............
..............#
#..........
#.....O.# .
##...b@..##...
#.............
......#...####..
##..##....#
.......##)#
.......##.###
......#.....#
............##
......#....>.#


You could see an ogre and a bat.

Vanquished Creatures
  An adder (D:2)
  An ooze (D:1)
  A worm (D:2)
  2 giant cockroaches
  5 goblins (D:1)
  3 hobgoblins (D:1)
  6 jackals (D:1)
  4 bats
  4 frilled lizards (D:1)
  5 kobolds
  A rat (D:1)
33 creatures vanquished.

Notes
Turn   | Place    | Note
-------+----------+-------------------------------------------
     0 | D:1      | JeffiDaFish the Gargoyle Earth Elementalist began the quest for the Orb.
     0 | D:1      | Reached XP level 1. HP: 10/10 MP: 3/3
   150 | D:1      | Reached XP level 2. HP: 11/15 MP: 0/5
   289 | D:1      | Reached skill level 4 in Earth Magic
   624 | D:1      | Reached XP level 3. HP: 19/19 MP: 0/6
   965 | D:1      | Learned a level 3 spell: Stone Arrow
  1175 | D:2      | Found a shattered altar of Ashenzari.
  1196 | D:2      | Noticed an ogre
  1201 | D:2      | Demolished by an ogre

Vault maps used:
D:1:      minmay_arrival_semitransparent, minmay_box_of_dots
D:2:      ashenzari_altar_1, uniq_sigmund

Skill      XL: |  1  2 |
---------------+-------+-----
Earth Magic    | 4 |  4.6
Dodging        | |  1.5
Stealth        | |  2.3
Spellcasting   | |  2.9
Conjurations   | |  0.4
Transmutations | |  0.7

Action                   || total
-------------------------++-------
Melee: Unarmed           ||    17
       Dagger            ||    15
 Cast: Sandblast         ||    28
       Stone Arrow       ||     2
  Use: Scroll            ||     4
       Potion            ||     3
  Eat: Chunk             ||     1
Armor: Robe              ||    10
Dodge: Dodged            ||    29

Table legend:
 A = Spawn XP
 B = Non-spawn XP
 C = Spawn XP percentage of total XP
 D = Spawn monster count
 E = Non-spawn monster count
 F = Spawn count percentage of total count
 G = Total turns spent on level
                    A         B        C        D         E        F      G
               +---------+---------+-------+---------+---------+-------+---------
         Total |       0 |      77 |   0.0 |       0 |      33 |   0.0 |  1201
               +---------+---------+-------+---------+---------+-------+---------
           D:1 |       0 |      51 |   0.0 |       0 |      27 |   0.0 |  1140
           D:2 |       0 |      26 |   0.0 |       0 |       6 |   0.0 |    61
               +---------+---------+-------+---------+---------+-------+---------
